 Dungeon Crawl Stone Soup version 0.18.1-8-gdd0e5ea (webtiles) character file.

4511 deorigin the Martial Artist (level 10, -12/57 HPs)
             Began as a Vine Stalker Monk on May 22, 2016.
             Was a High Priest of Makhleb.
             Engulfed by an ice statue's freezing vapour (19 damage)
             ... on level 9 of the Dungeon.
             The game lasted 00:23:51 (7399 turns).

deorigin the Martial Artist (Vine Stalker Monk)     Turns: 7399, Time: 00:23:52

Health: -12/57     AC: 10    Str: 17    XL:     10   Next: 39%
Magic:  0/11       EV: 12    Int: 10    God:    Makhleb [*****.]
Gold:   507        SH:  0    Dex: 17    Spells: 0 memorised, 9 levels left

rFire  . . .     SeeInvis .       - Unarmed
rCold  . . .     Gourm    .     e - +0 ring mail
rNeg   . . .     Faith    .     (no shield)
rPois  +         Spirit   +     D - +0 helmet
rElec  .         Dismiss  .     Q - +0 cloak
rCorr  +         Reflect  .     K - +1 pair of gloves {archery}
SustAt .         Harm     .     (no boots)
MR     +....                    (no amulet)
Stlth  ++........               n - ring of resist corrosion
                                q - ring of poison resistance

@: about to teleport, somewhat resistant to hostile enchantments, unstealthy
A: fangs 3, regeneration 2, magic shield, antimagic bite, no device heal 3, rot
immunity
a: Minor Destruction, Lesser Servant of Makhleb, Major Destruction, Greater
Servant of Makhleb, Renounce Religion


You were on level 9 of the Dungeon.
You worshipped Makhleb.
Makhleb was extremely pleased with you.
You were not hungry.

You visited 1 branch of the dungeon, and saw 9 of its levels.

You collected 507 gold pieces.

Inventory:

Hand Weapons
 S - a +0 blowgun
Missiles
 k - 10 tomahawks (quivered)
 m - 46 poisoned needles
 p - 6 javelins
 T - 6 curare-tipped needles
Armour
 a - a +0 robe
 e - a +0 ring mail (worn)
 D - a +0 helmet (worn)
 K - a +1 pair of gloves of archery (worn)
 Q - a +0 cloak (worn)
Jewellery
 n - a ring of resist corrosion (right hand)
 q - a ring of poison resistance (left hand)
 E - an uncursed ring of protection from cold
Wands
 g - a wand of teleportation (3/9)
 G - a wand of teleportation (7/9)
 J - a wand of lightning (4/15)
 L - a wand of confusion (10/48)
 O - a wand of digging (5/24)
 P - a wand of flame (29/48)
 V - a wand of polymorph (6/24)
Scrolls
 d - 2 scrolls of immolation {unknown}
 i - 6 scrolls of teleportation
 s - a scroll of magic mapping {unknown}
 u - a scroll of recharging {unknown}
 v - a scroll of enchant armour {unknown}
 y - 2 scrolls of remove curse {unknown}
 z - 2 scrolls of blinking {unknown}
 F - 2 scrolls of enchant weapon {unknown}
 H - 3 scrolls of amnesia {unknown}
Potions
 c - 3 potions of degeneration
 h - a potion of cancellation
 j - a potion of might
 o - 2 potions of flight
 r - a potion of mutation
 t - a potion of agility {unknown}
 w - a potion of invisibility {unknown}
 x - a potion of brilliance {unknown}
 C - 2 potions of curing
 I - a potion of lignification {unknown}
 M - a potion of berserk rage
Books
 R - a Fen Folio

   Spells                             Type                      Level
   a - Corpse Rot                     Necromancy                   2
   b - Stone Arrow                    Conjuration/Earth            3
   c - Leda's Liquefaction            Hexes/Earth                  4
   d - Summon Forest                  Summoning/Translocation      5
   e - Hydra Form                     Transmutation                6
   f - Summon Hydra                   Summoning                    7
Comestibles
 b - 6 bread rations
 f - 4 beef jerkies
 l - 6 meat rations
 A - 12 fruits
 B - a slice of pizza
 N - 11 royal jellies
 U - a chunk of flesh


   Skills:
 + Level 8.9 Fighting
 - Level 4.1 Armour
 - Level 2.4 Dodging
 - Level 2.4 Stealth
 + Level 11.1 Unarmed Combat


You had 9 spell levels left.
You didn't know any spells.

Dungeon Overview and Level Annotations

Branches:
Dungeon (9/15)             Temple (0/1) D:4
   Lair: D:8-11         Orc: D:9-12

Altars:
Fedhas
Makhleb
Okawaru
Trog
Vehumet
Yredelemnul
The Shining One

Annotations:
D:4 mistymad's ghost, novice DDFi
D:9 exclusion: ice statue


Innate Abilities, Weirdness & Mutations

You have razor-sharp teeth.
You heal very quickly.
When hurt, damage is shared between your health and your magic reserves.
Your bite disrupts and absorbs the magic of your enemies.
Potions and wands cannot restore your health.
You are immune to rotting.


Message History

Makhleb accepts your kill.
You feel better.
You see here 13 arrows.
Marking area around the ice statue as unsafe for travelling.
An ice statue comes into view.
The ice statue gestures.
The ice statue gestures at you. The freezing blast engulfs you!
You are engulfed in freezing vapours.
* * * LOW HITPOINT WARNING * * *
The ice statue gestures at you. The shard of ice misses you.
The ice statue gestures at you. The freezing blast engulfs you!
* * * LOW HITPOINT WARNING * * *
The ice beast closely misses you.
Read which item? (? for menu, Esc to quit)
As you read the scroll of teleportation, it crumbles to dust.
You feel strangely unstable.
You are engulfed in freezing vapours.
You die...

.≈##### #............
..≈##########.....###...........#
....#.(....##.....##..###........
......##.####.....##### #..###..#
....####.# #.....# #..# #..#
.........# #≈≈≈≈≈# #..###..#
#.#.######.##≈§8≈≈# #.>......
.###.......##≈≈Y§§# ##.##....
#.#>#########.§§@§# #.#.....
##<## #.§§§§# #.#..... #..#
#.§§§§# #....... #.## #§§§§.#
#....... #.# #.....# #....... #.#
#⌠...⌠# #..#...# ..###### ###(###
#..#...# .......# #.# #.(#...#
.......# #.# #..#####


You could see an ice statue and an ice beast.

Vanquished Creatures
  A manticore (D:9)
  A troll (D:9)
  4 yaks (D:9)
  A wyvern (D:8)
  A hungry ghost (D:7)
  An orc warrior (D:6)
  4 sky beasts
  A black bear (D:9)
  A wasp (D:8)
  6 ogres
  2 centaurs
  A phantom (D:5)
  4 giant frogs
  2 big kobolds (D:9)
  A scorpion (D:8)
  5 electric eels (D:8)
  3 crimson imps
  2 hounds
  A giant frog zombie (D:8)
  5 jellies
  2 centaur skeletons
  2 orc priests
  Jessica (D:2)
  An iguana (D:8)
  Ijyb (D:2)
  2 orc wizards
  5 worker ants
  2 hound skeletons
  3 gnolls (D:4)
  12 adders
  7 oozes
  An adder zombie (D:9)
  A worm (D:4)
  5 dart slugs
  5 giant geckos
  20 orcs
  5 giant cockroaches
  2 hobgoblins (D:3)
  7 jackals
  13 kobolds
  5 quokkas
  5 bats
  A giant gecko zombie (D:6)
  6 giant newts
  6 goblins
  8 rats
175 creatures vanquished.

Vanquished Creatures (others)
  An orc (D:8)
  A plant (D:8)
2 creatures vanquished.

Grand Total: 177 creatures vanquished

Notes
Turn   | Place    | Note
--------------------------------------------------------------
     0 | D:1      | deorigin the Vine Stalker Monk began the quest for the Orb.
     0 | D:1      | Reached XP level 1. HP: 11/11 MP: 2/2
    82 | D:1      | Reached XP level 2. HP: 16/16 MP: 3/3
   709 | D:2      | Noticed Jessica
   715 | D:2      | Killed Jessica
   715 | D:2      | Reached XP level 3. HP: 13/20 MP: 4/4
   786 | D:2      | Reached skill level 1 in Armour
   787 | D:2      | Noticed Ijyb
   798 | D:2      | Reached XP level 4. HP: 24/24 MP: 5/5
   814 | D:2      | Killed Ijyb
   814 | D:2      | Reached skill level 5 in Unarmed Combat
  1633 | D:3      | Reached XP level 5. HP: 28/28 MP: 6/6
  2066 | D:3      | Found a burning altar of Makhleb.
  2080 | D:3      | Became a worshipper of Makhleb the Destroyer
  2080 | D:3      | Reached * piety under Makhleb
  2080 | D:3      | Reached ** piety under Makhleb
  2257 | D:4      | Noticed mistymad's ghost (novice DDFi)
  2282 | D:5      | Entered Level 5 of the Dungeon
  2353 | D:5      | Noticed an ogre
  2426 | D:6      | Noticed an orc warrior
  2509 | D:4      | Noticed an ogre
  2520 | D:3      | Killed an ogre
  2520 | D:3      | Gained mutation: You heal very quickly. [Vine Stalker growth]
  2520 | D:3      | Reached XP level 6. HP: 21/33 MP: 7/7
  3123 | D:4      | Found a staircase to the Ecumenical Temple.
  3379 | D:5      | Reached XP level 7. HP: 37/37 MP: 8/8
  3431 | D:5      | Found a basalt altar of Yredelemnul.
  3514 | D:5      | Found a radiant altar of Vehumet.
  3553 | D:5      | Reached skill level 6 in Unarmed Combat
  3946 | D:5      | Reached *** piety under Makhleb
  4035 | D:5      | Gained mutation: You have razor-sharp teeth. [Vine Stalker growth]
  4035 | D:5      | Reached XP level 8. HP: 24/42 MP: 6/9
  4255 | D:5      | Reached skill level 5 in Fighting
  4303 | D:6      | Reached skill level 7 in Unarmed Combat
  4380 | D:6      | Found a bloodstained altar of Trog.
  4544 | D:6      | Found a blossoming altar of Fedhas.
  4727 | D:6      | Found an iron altar of Okawaru.
  5009 | D:7      | Reached skill level 8 in Unarmed Combat
  5063 | D:7      | Found a glowing golden altar of the Shining One.
  5313 | D:7      | Reached XP level 9. HP: 49/49 MP: 10/10
  5702 | D:8      | Reached skill level 9 in Unarmed Combat
  5816 | D:8      | Reached **** piety under Makhleb
  6841 | D:9      | Reached skill level 10 in Unarmed Combat
  6868 | D:9      | Noticed a manticore
  6878 | D:9      | HP: 2/51 [manticore (2)]
  6879 | D:9      | Killed a manticore
  6879 | D:9      | Reached XP level 10. HP: 2/56 MP: 1/11
  7256 | D:9      | HP: 2/57 [yak (7)]
  7263 | D:9      | Reached ***** piety under Makhleb
  7263 | D:9      | Reached skill level 11 in Unarmed Combat
  7393 | D:9      | Noticed an ice statue
  7399 | D:9      | Engulfed by an ice statue's freezing vapour

Skill      XL: |  1  2  3  4  5  6  7  8  9 10 |
---------------+-------------------------------+-----
Fighting       | 3 4 6 8 |  8.9
Armour         | 1 2 3 4 |  4.1
Unarmed Combat | 5 6 8 10 11 | 11.1
Dodging        | |  2.4
Stealth        | |  2.4

Action                   |  1- 3 |  4- 6 |  7- 9 | 10-12 || total
-------------------------+-------+-------+-------+-------++-------
Melee: Unarmed           |    69 |   213 |   308 |    81 ||   671
       Bite              |    15 |    67 |   102 |    35 ||   219
       Punch             |     2 |     8 |    17 |     4 ||    31
  Use: Scroll            |       |       |     8 |     1 ||     9
       Potion            |       |       |     1 |     1 ||     2
 Stab: Sleeping          |     3 |     3 |     2 |       ||     8
       Distracted        |       |     1 |       |       ||     1
  Eat: Chunk             |       |     8 |    11 |     3 ||    22
Armor: Ring mail         |    17 |    61 |    77 |    39 ||   194
Dodge: Dodged            |    35 |    99 |   147 |    51 ||   332
